 Dungeon Crawl Stone Soup version 0.18.1-8-gdd0e5ea (webtiles) character file.

283 zeroDi the Cutter (level 6, 0/30 HPs)
             Began as a Vine Stalker Assassin on May 28, 2016.
             Succumbed to Flavorfulsole's ghost's poison
             ... on level 3 of the Dungeon.
             The game lasted 00:09:01 (2647 turns).

zeroDi the Cutter (Vine Stalker Assassin)           Turns: 2647, Time: 00:09:02

Health: 0/30       AC:  8    Str: 13    XL:     6   Next: 28%
Magic:  6/6        EV: 16    Int: 11    God:
Gold:   147        SH:  0    Dex: 20    Spells: 0 memorised, 5 levels left

rFire  . . .     SeeInvis .     a - +2 dagger
rCold  . . .     Gourm    .     c - +0 robe
rNeg   . . .     Faith    .     (no shield)
rPois  .         Spirit   +     (no helmet)
rElec  .         Dismiss  .     d - +0 cloak
rCorr  .         Reflect  .     (no gloves)
SustAt .         Harm     .     t - +0 pair of boots (curse)
MR     .....                    (no amulet)
Stlth  ++++......               (no ring)
                                (no ring)

@: agile, lethally poisoned (0 -> 0), flying, drained, not resistant to hostile
enchantments, stealthy
A: fangs 2, rough black scales 1, clumsy 1, low mp 1, regeneration 2, magic
shield, antimagic bite, no device heal 3, rot immunity
a: no special abilities


You were on level 3 of the Dungeon.
You were not hungry.

You visited 1 branch of the dungeon, and saw 3 of its levels.
You also visited: Sewer.

You collected 147 gold pieces.


Innate Abilities, Weirdness & Mutations

You have extremely sharp teeth.
You heal very quickly.
When hurt, damage is shared between your health and your magic reserves.
Your bite disrupts and absorbs the magic of your enemies.
Potions and wands cannot restore your health.
You are immune to rotting.
You are partially covered in rough black scales (AC +4, Dex -1).
You are clumsy. (Dex -2)
Your magical capacity is low (-10% MP).


   Skills:
 - Level 1.7(1.2) Fighting
 - Level 5.8(5.2) Short Blades
 - Level 1.7(1.2) Throwing
 - Level 0.7(0.2) Dodging
 * Level 5.0(4.4) Stealth


You had 5 spell levels left.
You didn't know any spells.

Inventory:

Hand Weapons
 a - a +2 dagger (weapon)
 b - a +0 blowgun
Missiles
 e - 8 poisoned needles
 f - 2 curare-tipped needles {=f}
Armour
 c - a +0 robe (worn)
 d - a +0 cloak (worn)
 t - a cursed +0 pair of boots (worn)
Jewellery
 w - an uncursed ring of wizardry {unknown}
Wands
 v - a wand of random effects (28/48)
Scrolls
 o - 2 scrolls of remove curse
 p - 2 scrolls of identify {@r1}
 s - a scroll of blinking {unknown}
Potions
 h - a potion of lignification {unknown}
 i - a potion of curing {unknown}
 l - a potion of ambrosia {unknown}
 q - a potion of agility
 r - a potion of degeneration {unknown}
Comestibles
 g - 4 bread rations
 k - 3 meat rations
 n - a slice of pizza
 x - a beef jerky
 z - a chunk of flesh

Dungeon Overview and Level Annotations

Branches:
Dungeon (3/15)

Altars:
Elyvilon
Xom

Annotations:
D:3 Flavorfulsole's ghost, amateur MiCK

############ #..........##
#...........# #######
#....≈≈≈....#
#.....######...≈≈≈≈≈...#
#.....#........≈≈.≈≈...#
####.###.#........≈≈≈≈≈...#
#.....##.#.....@...≈≈≈....#
#...................).....#
#...#.##..(...............# ##
#.....##...([.###.........# ##.
#...#.##..#.(.# ##.#.....## #..
#...#.....#...##.._..#########..
#.............(..#.### #.......
#.........##.......# #####...
#...>.W....'....#############...


There were no monsters in sight!


Message History

* * * LOW HITPOINT WARNING * * *
* * * LOW HITPOINT WARNING * * *
You feel sick.
* * * LOW HITPOINT WARNING * * *
You feel sick.
Your surroundings suddenly seem different.
* * * LOW HITPOINT WARNING * * *
You feel sick.
Drink which item? (? for menu, Esc to quit)
It was a potion of agility.
You feel agile all of a sudden.
Drink which item? (? for menu, Esc to quit)
It was a potion of magic.
Magic courses through your body.
* * * LOW HITPOINT WARNING * * *
You feel sick.
Drink which item? (? for menu, Esc to quit)
It was a potion of flight.
You feel very buoyant.
You fly up into the air.
You die...

Action                   |  1- 3 |  4- 6 || total
-------------------------+-------+-------++-------
Melee: Dagger            |    94 |   201 ||   295
       Bite              |    26 |    55 ||    81
 Fire: Blowgun           |     4 |     6 ||    10
Throw: Tomahawk          |       |     5 ||     5
  Use: Scroll            |       |     8 ||     8
       Potion            |       |     4 ||     4
 Stab: Sleeping          |     6 |     8 ||    14
  Eat: Chunk             |       |     6 ||     6
Armor: Robe              |    19 |    62 ||    81
Dodge: Dodged            |    51 |    97 ||   148

Vault maps used:
D:1:      lemuel_arrival_rhombus
D:2:      first_bread, uniq_crazy_yiuf_cottage
D:3:      lemuel_crystal_altar, lemuel_doored_altar, portal_sewer_entry_a,
          ecumenical_altar_1, uniq_iyjb
Sewer:    sewer_frog_island_01

Notes
Turn   | Place    | Note
--------------------------------------------------------------
     0 | D:1      | zeroDi the Vine Stalker Assassin began the quest for the Orb.
     0 | D:1      | Reached XP level 1. HP: 11/11 MP: 2/2
    84 | D:1      | Reached skill level 2 in Short Blades
   127 | D:1      | Reached XP level 2. HP: 12/15 MP: 3/3
   450 | D:1      | Reached skill level 3 in Short Blades
   457 | D:1      | Reached XP level 3. HP: 13/18 MP: 4/4
   741 | D:2      | Reached XP level 4. HP: 17/23 MP: 3/5
   994 | D:2      | Reached skill level 4 in Short Blades
  1060 | D:2      | Noticed Crazy Yiuf
  1080 | D:2      | Killed Crazy Yiuf
  1306 | D:2      | Reached XP level 5. HP: 24/26 MP: 6/6
  1445 | D:2      | Gained mutation: Your magical capacity is low (-10% MP). [potion of mutation]
  1445 | D:2      | Gained mutation: You are clumsy. (Dex -2) [potion of mutation]
  1445 | D:2      | Gained mutation: You are partially covered in rough black scales (AC +4, Dex -1). [potion of mutation]
  1490 | D:3      | Noticed Ijyb
  1509 | D:3      | Killed Ijyb
  1511 | D:3      | Noticed Flavorfulsole's ghost (amateur MiCK)
  1564 | D:3      | Found a glowing drain.
  1566 | D:3      | Found a white marble altar of Elyvilon.
  1619 | Sewer    | Entered a sewer
  1632 | Sewer    | Reached skill level 5 in Short Blades
  2107 | Sewer    | Gained mutation: You heal very quickly. [Vine Stalker growth]
  2107 | Sewer    | Reached XP level 6. HP: 16/30 MP: 6/6
  2511 | D:3      | Found a faded altar to an unknown god.
  2526 | D:3      | Reached skill level 5 in Stealth
  2543 | D:3      | Found a shimmering altar of Xom.
  2641 | D:3      | HP: 3/30 [Flavorfulsole's ghost (6)]
  2643 | D:3      | HP: 1/30 [poisoned by Flavorfulsole's ghost]
  2647 | D:3      | Succumbed to Flavorfulsole's ghost's poison

Vanquished Creatures
  A giant frog (Sewer)
  Crazy Yiuf (D:2)
  Ijyb (D:3)
  8 adders
  An ooze (D:3)
  3 worms (D:3)
  2 dart slugs
  5 giant geckos
  4 ball pythons
  7 giant cockroaches
  9 goblins
  5 hobgoblins
  6 jackals
  6 kobolds
  A quokka (D:2)
  8 bats
  5 giant newts
  9 rats
82 creatures vanquished.
